 Dungeon Crawl Stone Soup version 0.28-a0-850-g09de17f5b5 (webtiles) character file.

Game seed: 14943991063879910620

308 Crownlay the Insei (level 6, -3/42 HPs)
             Began as an Octopode Transmuter on Nov 13, 2021.
             Killed from afar by a steam dragon (13 damage)
             ... with a ball of steam
             ... on level 4 of the Dungeon.
             The game lasted 00:12:02 (4983 turns).

Crownlay the Insei (Octopode Transmuter)            Turns: 4983, Time: 00:12:03

Health: -3/42      AC:  1    Str: 10    XL:     6   Next: 40%
Magic:  19/19      EV: 13    Int: 15    God:
Gold:   213        SH:  0    Dex: 20    Spells: 10/11 levels left

rFire   . . .      SeeInvis .     - Unarmed
rCold   . . .      Faith    .   (no shield)
rNeg    . . .      Spirit   .   (helmet currently unavailable)
rPois   .          Reflect  .   (no amulet)
rElec   .          Harm     .   b - ring of magical power
rCorr   +          Rampage  .   f - ring of resist corrosion
Will    .....                   n - +6 ring of dexterity
Stlth   +++.......              (no ring)
HPRegen 0.14/turn               (no ring)
MPRegen 0.16/turn               (no ring)
                                (no ring)
                                (no ring)

@: appendages
A: tentacle spike 3, almost no armour, amphibious, 8 rings, camouflage 1,
gelatinous body 1, (nimble swimmer 1), tentacles
a: End Transformation


You were on level 4 of the Dungeon.
One of your tentacles had grown a beastly spike.
You visited 1 branch of the dungeon, and saw 4 of its levels.
You also visited: Sewer.

You collected 213 gold pieces.

Inventory:

Jewellery
 b - a ring of magical power (left tentacle)
 f - a ring of resist corrosion (right tentacle)
 n - a +6 ring of dexterity (on tentacle)
Wands
 g - a wand of acid (11)
Scrolls
 a - 3 scrolls of teleportation
 d - 2 scrolls of immolation
 j - a scroll of blinking {unknown}
 k - a scroll of enchant weapon {unknown}
 m - a scroll of fog {unknown}
 o - 2 scrolls of summoning {unknown}
 q - a scroll of magic mapping
Potions
 c - a potion of attraction {unknown}
 e - a potion of haste {unknown}
 h - 3 potions of curing {unknown}
 i - a potion of cancellation {unknown}
 l - 2 potions of heal wounds {unknown}
 p - a potion of resistance {unknown}
 r - a potion of might {unknown}


   Skills:
 * Level 3.5 Fighting
 - Level 2.0 Dodging
 - Level 4.6 Unarmed Combat
 - Level 3.2 Spellcasting
 - Level 3.0 Transmutations


You had 10 spell levels left.
You knew the following spells:

 Your Spells              Type           Power      Damage    Failure   Level
a - Beastly Appendage     Tmut           22%        N/A       5%          1

Your spell library contained the following spells:

 Spells                   Type           Power      Damage    Failure   Level
 Wereblood                Tmut           11%        N/A       9%          2
 Animate Skeleton         Necr           4%         N/A       21%         1
 Pain                     Necr           8%         1d4       21%         1
 Spider Form              Tmut/Pois      6%         N/A       32%         3
 Ozocubu's Armour         Ice            2%         N/A       52%         3
 Summon Guardian Golem    Hex/Summ       2%         N/A       52%         3
 Vampiric Draining        Necr           2%         2d6       52%         3
 Ice Form                 Ice/Tmut       6%         N/A       71%         4
 Metabolic Englaciation   Hex/Ice        1%         N/A       99%         5
 Simulacrum               Ice/Necr       1%         N/A       100%        6
 Orb of Destruction       Conj           1%         N/A       100%        7
 Spellforged Servitor     Conj/Summ      1%         N/A       100%        7


Dungeon Overview and Level Annotations

Branches:
Dungeon (4/15)              Sewer (visited)
 Temple: D:4-7

Altars:
Cheibriados
Hepliaklqana

Shops:
D:2 (


Innate Abilities, Weirdness & Mutations

One of your tentacles has grown a beastly spike.
You cannot wear most types of armour.
You are amphibious.
You can wear up to eight rings at the same time.
Your skin changes colour to match your surroundings (Stealth+).
Your rubbery body absorbs attacks. (AC +1, EV +1)
((You are camouflaged near water. (Stealth+)))
You have tentacles for arms and can constrict up to eight enemies at once.


Message History

You kill the scorpion!
Your Fighting skill increases to level 3!
No target in view!
Things that are here:
a +0 short sword; a scorpion corpse; a kobold corpse You extend your transformation's duration.
The steam dragon hisses angrily.
The steam dragon misses you. The steam dragon claws you.
You tentacle-slap the steam dragon but do no damage.
You pierce the steam dragon, but do no damage.
You squeeze the steam dragon, but do no damage.
The steam dragon bites you. The steam dragon closely misses you.
You closely miss the steam dragon.
You pierce the steam dragon.
You tentacle-slap the steam dragon, but do no damage.
The steam dragon is lightly wounded.
The steam dragon bites you! The steam dragon closely misses you.
You tentacle-slap the steam dragon but do no damage.
Your tentacle spike misses the steam dragon.
The steam dragon is lightly wounded.
The steam dragon completely misses you. The steam dragon claws you.
You are too injured to fight recklessly!
You are too injured to fight recklessly!
You tentacle-slap the steam dragon.
You pierce the steam dragon, but do no damage.
The steam dragon is moderately wounded.
You tentacle-slap the steam dragon.
You pierce the steam dragon, but do no damage.
The steam dragon is moderately wounded.
The steam dragon breathes steam at you. The ball of steam misses you.
You tentacle-slap the steam dragon.
The steam dragon is heavily wounded.
You are engulfed in a cloud of scalding steam.
The steam dragon barely misses you. The steam dragon claws you.
* * * LOW HITPOINT WARNING * * *
You tentacle-slap the steam dragon. Your squeeze misses the steam dragon.
The steam dragon is heavily wounded.
The steam dragon breathes steam at you. The ball of steam hits you!
You die...

.,,**,,,,*,,*
*****######
#.#....
.,,**,,,,**,**
###### #.##...
,,,**,,,,**,,*
#####....###.##...
,,,**,,,,***,*
#$[#.####.##.##...
,,,,,,****
*,###??#.#
#.##.##### ,,,****
*,#..###.# #.##.#
,,,*
*,#,.###.####.##.#
## ****
*,**#D.##.#†.###.#
#≈ *,###@.##.#..#
#.# #≈
*,#..####.#'####.#
#≈
*,#.§####.#....'.#
#≈
*,###....##.88.#.#
##
*,,,#######.88.#.#
###
***,,,,,,,#....#.#
..#
********>######.#
#.#
*,,,,,,,,,,,,,..#
..#
*,,,,,,,,**,,,###


You could see a steam dragon (catching breath).

Vanquished Creatures
  2 scorpions
  A killer bee zombie (D:4)
  6 adders
  A shadow imp (D:4)
  5 worms
  2 dart slugs
  6 endoplasms
  4 giant cockroaches
  5 hobgoblins
  12 jackals
  2 quokkas (D:2)
  6 ball pythons
  9 bats
  8 frilled lizards
  5 goblins
  11 kobolds
  6 rats
91 creatures vanquished.

Vanquished Creatures (others)
  12 plants (Sewer)
12 creatures vanquished.

Grand Total: 103 creatures vanquished

Notes
Turn   | Place    | Note
-------+----------+-------------------------------------------
     0 | D:1      | Crownlay the Octopode Transmuter began the quest for the
                  | Orb.
     0 | D:1      | Reached XP level 1. HP: 13/13 MP: 3/3
   424 | D:1      | Reached XP level 2. HP: 15/18 MP: 5/5
   917 | D:1      | Reached XP level 3. HP: 18/24 MP: 6/6
  1627 | D:2      | Found a faded altar of an unknown god.
  1985 | D:2      | Reached XP level 4. HP: 29/29 MP: 7/7
  2630 | D:2      | Found Vytsuox's Weapon Boutique.
  2700 | D:3      | Noticed a scorpion
  2802 | D:3      | Reached skill level 4 in Unarmed Combat
  3023 | D:3      | Found a hazy altar of Hepliaklqana.
  3023 | D:3      | Found a snail-covered altar of Cheibriados.
  3068 | D:3      | Killed a scorpion
  3069 | D:3      | Reached XP level 5. HP: 31/35 MP: 9/9
  3618 | D:4      | Found a glowing drain.
  3634 | Sewer    | Entered a sewer
  4063 | Sewer    | Reached XP level 6. HP: 21/41 MP: 10/10
  4949 | D:4      | Noticed a steam dragon
  4983 | D:4      | Killed from afar by a steam dragon

Illustrated notes

Levels and vault maps discovered:
D:1:      scummos_arrival_checkerplants, layout_loops_ring
D:2:      minmay_chambers_of_twos, layout_rooms, serial_shops,
          nicolae_shop_temple_entry_statues_fountains,
          chequers_ecumenical_altar_island, minivault_23
D:3:      layout_basic, gammafunk_temple_overflow_wave, skrybe_limestone_x,
          minmay_misc_feat_five, dk_noncrumbling_3
D:4:      minmay_chambers_of_fours, layout_basic, cheibrodos_sewer_entry_sluice,
          chequers_serial_rivers_room_b, grunt_ministairs_7

Skill      XL: |  1  2  3  4  5  6 |
---------------+-------------------+-----
Fighting       | 2 3 |  3.5
Transmutations | 3 |  3.0
Unarmed Combat | 4 |  4.6
Spellcasting   | 3 |  3.2
Dodging        | |  2.0

Action                   |  1- 3 |  4- 6 || total
-------------------------+-------+-------++-------
Melee: Unarmed           |   100 |   165 ||   265
       Kick              |    20 |    31 ||    51
       Constrict         |    25 |    42 ||    67
       Tentacles         |    14 |    35 ||    49
       Punch             |       |     9 ||     9
 Cast: Beastly Appendage |    17 |    30 ||    47
  Use: Scroll            |       |     4 ||     4
 Stab: Sleeping          |     7 |     8 ||    15
Armor: Skin              |     6 |     5 ||    11
Dodge: Dodged            |    73 |    83 ||   156

Table legend: (Time is in decaauts)
 A = Elapsed time spent in this place.
 B = Non-inter-level travel time spent in this place.
 C = Inter-level travel time spent in this place.
 D = Time resting spent in this place.
 E = Time spent auto-exploring this place.
 F = Levels seen in this place.
 G = Mean time per level.
                   A        B        C        D        E       F      G
               +--------+--------+--------+--------+--------+-----+--------+
         Total |   4963 |   4923 |     40 |      0 |   4005 |   5 |  992.6 |
       Dungeon |   4017 |   3977 |     40 |      0 |   3344 |   4 | 1004.2 |
         Sewer |    945 |    945 |      0 |      0 |    661 |   1 |  945.0 |
               +--------+--------+--------+--------+--------+-----+--------+

Top non-repeatable levels by time:
     D:1: 1438 daAuts
     D:2: 1219 daAuts
   Sewer: 945 daAuts
     D:3: 926 daAuts
     D:4: 433 daAuts
